 Dungeon Crawl Stone Soup version 0.20.1-1-g8b1a95d (webtiles) character file.

203 kae the Insei (level 5, -4/41 HPs)
             Began as a Demonspawn Gladiator on Sept 15, 2017.
             Engulfed by a cloud of flame (9 damage)
             ... on level 3 of the Dungeon.
             The game lasted 00:03:39 (3440 turns).

kae the Insei (Demonspawn Gladiator)                Turns: 3440, Time: 00:03:40

Health: -4/41      AC:  5    Str: 14    XL:     5   Next: 51%
Magic:  5/5        EV: 13    Int:  9    God:
Gold:   133        SH:  0    Dex: 16    Spells: 4/4 levels left

rFire    + . .     SeeInvis +     - Unarmed
rCold    . . .     Gourm    .   (no shield)
rNeg     . . .     Faith    .   a - +0 leather armour
rPois    .         Spirit   .   (helmet unavailable)
rElec    .         Reflect  .   (no cloak)
rCorr    .         Harm     .   (no gloves)
MR       .....                  (no boots)
Stlth    +.........             (no amulet)
Regen    0.2/turn               j - ring of protection from cold
MPRegen  0.1/turn               n - ring of fire

@: lethally poisoned (-4 -> -11)
A: antennae 3, iridescent scales 1
a: no special abilities


You were on level 3 of the Dungeon.
You were very hungry.

You visited 1 branch of the dungeon, and saw 3 of its levels.

You collected 133 gold pieces.

Inventory:

Missiles
 c - 4 throwing nets (quivered)
Armour
 a - a +0 leather armour (worn)
 b - a +0 helmet
Jewellery
 j - a ring of protection from cold (left hand)
 n - a ring of fire (right hand)
Scrolls
 m - a scroll of remove curse
 o - a scroll of identify
Potions
 f - a potion of lignification {unknown}
 g - 2 potions of curing
 k - a potion of cancellation {unknown}
Comestibles
 d - 3 bread rations
 h - 2 royal jellies
 i - 3 meat rations


   Skills:
 + Level 3.2 Fighting
 + Level 3.1 Throwing
 - Level 2.6 Dodging
 * Level 4.4 Unarmed Combat


You had 4 spell levels left.
You didn't know any spells.

Dungeon Overview and Level Annotations

Branches:
Dungeon (3/15)

Altars:


Innate Abilities, Weirdness & Mutations

You have a pair of large antennae on your head. (SInv)
You are partially covered in iridescent scales. (AC +2)


Message History

You are too injured to fight recklessly!
You are too injured to fight recklessly!
You are too injured to fight recklessly!
You are too injured to fight recklessly!
You are too injured to fight recklessly!
You miss the adder.
The adder is severely wounded.
The adder bites you.
You miss the adder.
The adder is severely wounded.
You feel sick. The adder bites you but does no damage.
You miss the adder.
The adder is severely wounded.
You feel sick. The adder misses you.
You punch the adder!
The adder explodes!
The fiery explosion engulfs you! You resist.
* * * LOW HITPOINT WARNING * * *
You are engulfed in blazing flames.
You resist.
You die...

....# #.....#.#.....# #.# ...##
#.....#.......# #.# ...#
#.....###.....# ###.#
...#####..........##.# #...###
..................##.###.#...#
.......#..........##...#.##..#
##.....#..........####.#.##..#
##.....#..........##...#.....#
.+............§§@.........>#.###
##.....##.###..§§.##)#....##...#
#.....#......§.§....#.#######.#
##.....#.............#.# #.#
.......#...............# #.#
....####............#### #<#
....# #............# ### ....#
##...........#
....#####...........#


There were no monsters in sight!

Vanquished Creatures
  A bullfrog (D:3)
  6 adders
  3 oozes
  A worm (D:3)
  2 dart slugs (D:2)
  2 leopard geckos (D:3)
  9 bats
  2 giant cockroaches
  10 goblins
  9 hobgoblins
  5 jackals (D:3)
  9 kobolds
  4 frilled lizards
  6 rats
69 creatures vanquished.

Notes
Turn   | Place    | Note
-------+----------+-------------------------------------------
     0 | D:1      | kae the Demonspawn Gladiator began the quest for the Orb.
     0 | D:1      | Reached XP level 1. HP: 16/16 MP: 1/1
     4 | D:1      | Noticed an electric eel
     4 | D:1      | Noticed an electric eel
   430 | D:1      | Gained mutation: You have a pair of small antennae on your head. [demonic ancestry]
   430 | D:1      | Reached XP level 2. HP: 14/22 MP: 2/2
   686 | D:1      | Reached skill level 3 in Unarmed Combat
  1173 | D:2      | Gained mutation: You have a pair of antennae on your head. [demonic ancestry]
  1173 | D:2      | Reached XP level 3. HP: 23/27 MP: 3/3
  1858 | D:2      | Gained mutation: You are partially covered in iridescent scales. (AC +2) [demonic ancestry]
  1858 | D:2      | Reached XP level 4. HP: 9/34 MP: 4/4
  2783 | D:3      | Reached skill level 4 in Unarmed Combat
  3099 | D:3      | Noticed a bullfrog
  3110 | D:3      | Killed a bullfrog
  3110 | D:3      | Gained mutation: You have a pair of large antennae on your head. (SInv) [demonic ancestry]
  3110 | D:3      | Reached XP level 5. HP: 17/41 MP: 5/5
  3440 | D:3      | Engulfed by a cloud of flame

Skill      XL: |  1  2  3  4 |
---------------+-------------+-----
Throwing       | 2 3 |  3.1
Unarmed Combat | 3 4 |  4.4
Fighting       | 3 |  3.2
Dodging        | |  2.6

Action                   |  1- 3 |  4- 6 || total
-------------------------+-------+-------++-------
Melee: Unarmed           |   149 |   129 ||   278
       Punch             |       |     2 ||     2
  Use: Scroll            |     4 |     3 ||     7
       Potion            |     1 |       ||     1
  Eat: Chunk             |     3 |     4 ||     7
Armor: Leather armour    |    44 |    48 ||    92
Dodge: Dodged            |    94 |   102 ||   196
